 Dungeon Crawl Stone Soup version 0.30-a0-757-ga6a79fd877 (webtiles) character file.

Game seed: 6916464275841488853

2639 themarg the Insei (level 9, 0/58 HPs)
             Began as an Octopode Transmuter on Feb 10, 2023.
             Was an Initiate of Gozag.
             Slain by a yak (12 damage)
             ... on level 8 of the Dungeon.
             The game lasted 00:31:05 (8244 turns).

themarg the Insei (Octopode Transmuter)             Turns: 8244, Time: 00:31:05

Health: 0/58       AC:  2    Str:  9    XL:     9   Next: 61%
Magic:  20/23      EV: 21    Int: 20    God:    Gozag
Gold:   363        SH:  0    Dex: 17    Spells: 9/15 levels left

rFire   . . .      SeeInvis .      - Unarmed
rCold   . . .      Faith    .    (shield currently unavailable)
rNeg    . . .      Spirit   .    (helmet currently unavailable)
rPois   .          Reflect  .    (no amulet)
rElec   .          Harm     .    b - ring of resist corrosion
rCorr   +          Rampage  .    n - ring of magical power
Will    .....                    t - ring of poison resistance
Stlth   ++                       (no ring)
HPRegen 0.29/turn                (no ring)
MPRegen 0.18/turn                (no ring)
                                 (no ring)
                                 (no ring)

@: spider-form, wereblooded, gold aura
A: venomous fangs, almost no armour, (amphibious), 8 rings, tiny, (camouflage
1), (gelatinous body 1), (nimble swimmer 1), (tentacles)
a: End Transformation, Renounce Religion, Potion Petition, Call Merchant, Bribe
Branch


You were on level 8 of the Dungeon.
You worshipped Gozag.
Gozag was aware of your devotion.
You were a venomous arachnid creature.
You visited 2 branches of the dungeon, and saw 9 of its levels.

You collected 495 gold pieces.
You paid 132 gold pieces to Gozag.

Inventory:

Hand Weapons
 p - a +1 short sword of distortion
 w - a +0 dagger of electrocution
Missiles
 f - 84 stones
 m - 13 poisoned darts
 C - a throwing net
 E - a curare-tipped dart
Armour
 z - a +0 buckler
Jewellery
 b - a ring of resist corrosion (left front pincers)
 n - a ring of magical power (right front pincers)
 t - a ring of poison resistance (on tentacle)
 A - an amulet of guardian spirit
 B - a ring of fire
Wands
 y - a wand of flame (14)
 H - a wand of charming (3)
Scrolls
 g - 5 scrolls of teleportation
 i - 3 scrolls of blinking
 j - 2 scrolls of magic mapping {unknown}
 k - 2 scrolls of butterflies
 l - a scroll of poison {unknown}
 o - 2 scrolls of noise {unknown}
 q - 2 scrolls of vulnerability {unknown}
 r - a scroll of silence {unknown}
 F - 3 scrolls of fog
 I - a scroll of amnesia {unknown}
Potions
 a - a potion of lignification
 c - 3 potions of brilliance
 d - 3 potions of ambrosia
 e - a potion of mutation {unknown}
 h - 5 potions of curing
 s - 2 potions of attraction
 u - 2 potions of resistance
 v - a potion of haste
 x - 2 potions of flight
 D - a potion of might
 G - 2 potions of heal wounds


   Skills:
 + Level 3.7 Fighting
 + Level 4.2 Dodging
 - Level 2.0 Stealth
 - Level 7.0 Unarmed Combat
 + Level 3.9 Spellcasting
 - Level 6.0 Transmutations
 * Level 5.1 Ice Magic
 - Level 2.0 Air Magic
 - Level 4.0 Poison Magic


You had 9 spell levels left.
You knew the following spells:

 Your Spells              Type           Power      Damage    Failure   Level
a - Beastly Appendage     Tmut           54%        N/A       5%          1
b - Wereblood             Tmut           27%        N/A       7%          2
c - Spider Form           Tmut/Pois      23%        N/A       14%         3

Your spell library contained the following spells:

 Spells                   Type           Power      Damage    Failure   Level
 Sting                    Tmut/Pois      92%        1d7       7%          1
 Passwall                 Tmut/Erth      12%        N/A       17%         2
 Poisonous Vapours        Pois/Air       30%        N/A       17%         2
 Sandblast                Erth           6%         2d5       30%         1
 Slow                     Hex            12%        N/A       30%         1
 Ice Form                 Ice/Tmut       26%        N/A       30%         4
 Olgreb's Toxic Radiance  Pois           19%        N/A       47%         4
 Confusing Touch          Hex            3%         N/A       58%         3
 Stone Arrow              Conj/Erth      6%         3d7       58%         3
 Vampiric Draining        Necr           3%         2d6       58%         3


Dungeon Overview and Level Annotations

Branches:
Dungeon (8/15)             Temple (1/1) D:6
   Lair: D:8-11

Altars:
Ashenzari
Cheibriados
Elyvilon
Fedhas
Gozag
Hepliaklqana
Kikubaaqudgha
Makhleb
Nemelex Xobeh
Okawaru
Qazlal
Ru
Sif Muna
Trog
Uskayaw
Vehumet
Wu Jian
Xom
Yredelemnul
Zin
The Shining One

Shops:
D:3 =   D:7 *

Annotations:
D:4 Pargi
D:6 exclusion: steam dragon
D:8 exclusion: yak


Innate Abilities, Weirdness & Mutations

You are a venomous arachnid creature.
You have venomous fangs.
You are tiny and dextrous.
Your spellcasting is less reliable in this form.
Your armour is entirely melded.
You are incapable of wielding weapons or throwing items.
You cannot wear most types of armour.
((You are amphibious.))
You can wear up to eight rings at the same time.
((Your skin changes colour to match your surroundings (Stealth+).))
((Your rubbery body absorbs attacks. (AC +1, EV +1)))
((You are camouflaged when in or above water. (Stealth+)))
((You have tentacles for arms and can constrict up to eight enemies at once.))


Message History

The kobold brigand looks even sicker.
The kobold brigand is heavily wounded.
The kobold brigand hits you with a +0 short sword.
You completely miss the kobold brigand.
The kobold brigand is heavily wounded.
The kobold brigand hits you with a +0 short sword.
You barely miss the kobold brigand.
The kobold brigand is heavily wounded.
The kobold brigand completely misses you.
You bite the kobold brigand!
You feel a bit better.
You kill the kobold brigand!
Your transformation has ended.
You completely miss the yak. The yak gores you!
You turn into a venomous arachnid creature.
The yak gores you!
You bite the yak!
The yak is moderately wounded.
The yak gores you.
You bite the yak!
The yak is poisoned.
The yak is heavily wounded.
You hear a bellow! x2
The yak snorts and paws the ground.
The yak completely misses you.
You bite the yak!
The yak looks as sick as possible!
The yak is almost dead.
The yak gores you!
* * * LOW HITPOINT WARNING * * *
You bite the yak!
You feel a bit better.
You kill the yak!
The kobold throws a stone.
The stone hits you but does no damage.
Your Ice Magic skill increases to level 5!
You hit the yak.
The yak is poisoned.
The yak is lightly wounded.
The yak gores you.
* * * LOW HITPOINT WARNING * * *
You hit the yak.
The yak looks as sick as possible!
The yak is moderately wounded.
The yak gores you!
You die...
Your body crumbles into a pile of gold.

.....##.#.###.#######.##
#...# ....###.#.#
.........###.#.# ....#
#.#.# .........'.....#$
....# #.#.#
.........###.###.##
....# #.#.#
...................
....# #.#.#
#######+###.####.##
....# #.#.# #..........
....# #.#.##########
#.#.#...### ....#
#.#.......sYK# #<#.#...#
....###.##########.#
###.# .... ........#
......K$# ... .....
#...#######......... ###
####
###.#................
......# ....YY.###.
###...# ....... .# #
##..# ....... # # ....
..Y....


You could see a yak (extremely poisoned) and a kobold.

Vanquished Creatures
  A yak (D:8)
  A steam dragon (D:6)
  Menkaure (D:5)
  An ice beast (D:5)
  2 sky beasts
  A black bear (D:6)
  2 ogres
  A centaur (D:7)
  A phantom (D:7)
  A lemure (D:4)
  2 kobold brigands (D:8)
  A bullfrog (D:6)
  3 necrophages
  3 scorpions
  3 howler monkeys
  5 hounds
  4 jellies
  5 iguanas
  Natasha (thrice) (D:4)
  Ijyb (D:5)
  4 gnolls (D:5)
  11 adders
  7 river rats (D:5)
  A white imp (D:7)
  3 ufetubi
  4 worms
  7 dart slugs
  22 orcs
  3 bats
  10 endoplasms
  6 goblins
  4 hobgoblins
  9 jackals
  10 quokkas
  6 ball pythons
  15 kobolds
  19 rats
183 creatures vanquished.

Vanquished Creatures (others)
  10 fungi (D:6)
10 creatures vanquished.

Grand Total: 193 creatures vanquished

Notes
Turn   | Place    | Note
-------+----------+-------------------------------------------
     0 | D:1      | themarg the Octopode Transmuter began the quest for the
                  | Orb.
     0 | D:1      | Reached XP level 1. HP: 13/13 MP: 3/3
   173 | D:1      | Reached skill level 1 in Poison Magic
   196 | D:1      | Reached skill level 1 in Stealth
   196 | D:1      | Reached XP level 2. HP: 13/18 MP: 3/5
   199 | D:1      | Learned a level 2 spell: Wereblood
   872 | D:1      | Reached XP level 3. HP: 17/23 MP: 4/6
   876 | D:1      | Learned a level 3 spell: Spider Form
  1598 | D:2      | Found a faded altar of an unknown god.
  1834 | D:2      | Reached XP level 4. HP: 20/28 MP: 7/7
  2484 | D:3      | Found Bippaum's Jewellery Shop.
  2753 | D:3      | Reached skill level 4 in Unarmed Combat
  2903 | D:3      | Reached XP level 5. HP: 24/33 MP: 8/8
  3107 | D:4      | Noticed Pargi
  3151 | D:4      | Noticed Natasha
  3161 | D:4      | Killed Natasha
  3247 | D:4      | Noticed Natasha
  3254 | D:4      | Killed Natasha
  3271 | D:4      | Noticed a lemure
  3292 | D:4      | Killed a lemure
  3462 | D:4      | Noticed Natasha
  3479 | D:4      | Killed Natasha
  3508 | D:4      | Reached XP level 6. HP: 34/38 MP: 9/9
  3560 | D:4      | Reached skill level 5 in Unarmed Combat
  3597 | D:5      | Entered Level 5 of the Dungeon
  3663 | D:5      | Noticed Menkaure
  3774 | D:5      | Found a stormy altar of Qazlal.
  3842 | D:4      | Reached XP level 7. HP: 35/43 MP: 10/10
  3984 | D:5      | Noticed Ijyb
  4016 | D:5      | Killed Ijyb
  4450 | D:5      | Killed Menkaure
  4451 | D:5      | Reached skill level 6 in Unarmed Combat
  4451 | D:5      | Reached skill level 5 in Transmutations
  4708 | D:5      | Reached XP level 8. HP: 21/48 MP: 11/11
  5049 | D:5      | Reached skill level 7 in Unarmed Combat
  5059 | D:5      | Reached skill level 1 in Ice Magic
  6061 | D:6      | Reached XP level 9. HP: 24/55 MP: 13/13
  6661 | D:6      | Found a staircase to the Ecumenical Temple.
  6690 | D:6      | Found an iron altar of Okawaru.
  6699 | D:6      | Found a shimmering altar of Xom.
  7036 | D:7      | Found Sawkaesch's Assorted Antiques.
  7047 | Temple   | Entered the Ecumenical Temple
  7139 | Temple   | Became a worshipper of Gozag Ym Sagoz the Greedy
  7175 | D:7      | Reached skill level 1 in Air Magic
  7822 | D:7      | Found a broken altar of Ashenzari.
  7932 | D:8      | Found a burning altar of Makhleb.
  7935 | D:8      | Found a blossoming altar of Fedhas.
  8243 | D:8      | Reached skill level 5 in Ice Magic
  8244 | D:8      | Slain by a yak

Illustrated notes

Levels and vault maps discovered:
D:1:      dpeg_arrival_oval, layout_basic
D:2:      layout_loops_ring, hellmonk_ecumenical_altar_crossroads,
          lemuel_flame_loot_1
D:3:      layout_rooms, serial_shops, shop
D:4:      layout_rooms, nicolae_dithmenos_the_darkroom, minmay_between,
          uniq_pargi, uniq_natasha, uniq_pikel
D:5:      lemuel_ratsnest, layout_basic, mainiacjoe_overflow_boulevard,
          uniq_menkaure, uniq_ijyb
D:6:      kennysheep_steamy, layout_basic, mainiacjoe_overflow_swirl,
          minmay_temple_entry_from_below_a
D:7:      layout_loops_ring, nicolae_overflow_hidden_temple, serial_shops,
          nicolae_shop_advertising_works [nicolae_subvault_shop_adworks]
D:8:      layout_basic, chequers_temple_overflow_statue_of_worship
Temple:   nicolae_temple_bog_church

Skill      XL: |  1  2  3  4  5  6  7  8  9 |
---------------+----------------------------+-----
Poison Magic   | 1 2 3 4 |  4.0
Stealth        | 1 2 |  2.0
Unarmed Combat | 4 5 6 7 |  7.0
Transmutations | 3 4 5 6 |  6.0
Ice Magic      | 3 5 |  5.1
Fighting       | 2 3 |  3.7
Dodging        | 3 4 |  4.2
Spellcasting   | 3 |  3.9
Air Magic      | 2 |  2.0

Action                     |  1- 3 |  4- 6 |  7- 9 || total
---------------------------+-------+-------+-------++-------
  Melee: Unarmed           |    73 |   163 |   299 ||   535
         Kick              |    17 |       |       ||    17
         Constrict         |    13 |     1 |     1 ||    15
         Tentacles         |    12 |       |     1 ||    13
         Punch             |     4 |       |     1 ||     5
   Cast: Beastly Appendage |    25 |       |       ||    25
         Spider Form       |     4 |    34 |    43 ||    81
         Wereblood         |       |     1 |     5 ||     6
  Evoke: Wand              |       |       |     5 ||     5
    Use: Scroll            |       |     7 |     5 ||    12
   Stab: Sleeping          |     7 |     1 |     6 ||    14
         Distracted        |       |       |     1 ||     1
 Armour: Skin              |     3 |     7 |    14 ||    24
  Dodge: Dodged            |    36 |   146 |   207 ||   389

Table legend: (Time is in decaauts)
 A = Elapsed time spent in this place.
 B = Non-inter-level travel time spent in this place.
 C = Inter-level travel time spent in this place.
 D = Time resting spent in this place.
 E = Time spent auto-exploring this place.
 F = Levels seen in this place.
 G = Mean time per level.
                   A        B        C        D        E       F      G
               +--------+--------+--------+--------+--------+-----+--------+
         Total |   8210 |   7957 |    253 |    847 |   5337 |   9 |  912.2 |
       Dungeon |   8104 |   7863 |    241 |    847 |   5268 |   8 | 1013.0 |
        Temple |    105 |     93 |     12 |      0 |     69 |   1 |  105.0 |
               +--------+--------+--------+--------+--------+-----+--------+

Top non-repeatable levels by time:
     D:5: 1589 daAuts
     D:6: 1541 daAuts
     D:1: 1235 daAuts
     D:2: 1214 daAuts
     D:7: 915 daAuts
     D:3: 881 daAuts
     D:4: 368 daAuts
     D:8: 359 daAuts
  Temple: 105 daAuts
